[Event "*** Titled Tuesday Blitz"]
[Site "Chess.com"]
[Date "2021.03.02"]
[Round "7"]
[White "EvgenyT"]
[Black "Gabrielian_Artur"]
[Result "1/2-1/2"]
[WhiteElo "2916"]
[BlackElo "2797"]
[TimeControl "180+1"]
[EndTime "11:20:20 PST"]
[Termination "Game drawn - insufficient material"]

1. c4 Nf6 2. Nc3 g6 3. g3 Bg7 4. Bg2 O-O 5. d3 d6 6. Nf3 e5 7. O-O Nc6 8. Rb1 a5 9. a3 Nd4 10. Bg5 Ne6 11. Bd2 Re8 12. b4 axb4 13. axb4 c6 14. b5 Nc5 15. Be3 e4 16. dxe4 Nfxe4 17.
Nxe4 Nxe4 18. Bd4 Bxd4 19. Qxd4 c5 20. Qb2 Be6 21. Rfc1 f5 22. Ne1 Bf7 23. Nd3 Ra4 24. Qb3 Qa5 25. Bxe4 Rxe4 26. Nf4 Raxc4 27. Rxc4 Bxc4 28.
Qd1 Qd8 29. e3 Re8 30. b6 Bf7 31. Qa4 d5 32. Qb5 Qd6 33. Rd1 d4 34. h4 h6 35.
exd4 cxd4 36. Ne2 Re5 37. Qb2 Qe7 38. Nxd4 Re1+ 39. Rxe1 Qxe1+ 40. Kg2 Bd5+ 41. f3 Qe3 42. Qf2 Qd3 43. Ne2 g5 44. hxg5 hxg5 45. Kh2 g4 46.
Nf4 Qxf3 47. Qxf3 Bxf3 48. Kg1 Kf7 49. Kf2 Ke7 50. Ke3 Kd6 51. Kd4 Bc6 52. Nd3 Bb5 53.
Ne5 Ba6 54. Nf7+ Kc6 55. Nh6 Kxb6 56. Nxf5 Be2 57. Ke3 Bf3 58. Nd4 Bd1 59. Kd2 Ba4 60.
Ne6 Bd7 61. Nd4 Kc5 62. Kc3 Kd5 63. Kd3 b5 64. Nc2 Kc5 65. Kc3 Bc6 66. Nb4 Be4 67. Na6+ Kd5 68. Nc7+ Kc6 69. Ne6 Bf3 70. Nd4+ Kc5 71.
Nb3+ Kd5 72. Nd4 Ke4 73. Nxb5 Ke3 74. Nd6 Kf2 75. Nf5 Be4 76. Nh6 Kxg3 77. Nxg4 1/2-1/2

[Event "*** Titled Tuesday Blitz"]
[Site "Chess.com"]
[Date "2021.03.02"]
[Round "7"]
[White "Walter_White_Poland"]
[Black "WPWPWP-2015"]
[Result "0-1"]
[WhiteElo "2290"]
[BlackElo "2468"]
[TimeControl "180+1"]
[EndTime "11:20:21 PST"]
[Termination "WPWPWP-2015 won on time"]

1. e4 e5 2. Nf3 Nc6 3. Bb5 Nf6 4. O-O Nxe4 5. d4 Nd6 6. Bg5 Be7 7. Bxc6 dxc6 8. dxe5 Nf5 9. Qxd8+ Bxd8 10. Bxd8 Kxd8 11. Nc3 h6 12. h3 Be6 13. g4 Ne7 14. Nd4 Bd5 15.
Rad1 Ke8 16. Nf5 Nxf5 17. Nxd5 cxd5 18. gxf5 Rd8 19. Rd3 g6 20. Rfd1 c6 21. c4 gxf5 22. cxd5 cxd5 23. Rxd5 Rxd5 24. Rxd5 Rg8+ 25. Kf1 Ke7 26. Ke2 Rg6 27. Ra5 a6 28. Ke3 Rb6 29.
b3 Ke6 30. Rc5 f6 31. exf6 Kxf6 32. f4 Re6+ 33. Kf3 Rd6 34. Rc7 b5 35. Ra7 Rd3+ 36. Ke2 Rd6 37. Ke3 Re6+ 38. Kf3 Rd6 39. Rh7 Kg6 40. Ra7 Re6 41. h4 Kh5 42. Rf7 Kxh4 43. Rxf5 h5 44. Rc5 Rd6 45. Ke4 Rd2 46. a4 bxa4 47.
bxa4 Ra2 48. Ra5 Kg4 49. Rxa6 Re2+ 50. Kd5 Kxf4 51. Rh6 Kg5 52. Ra6 Ra2 53. a5 h4 54.
Ra8 h3 55. Kc6 Kg4 56. a6 Rc2+ 57. Kb6 Rb2+ 58. Ka7 h2 59. Rg8+ Kf3 60. Rh8 Kg2 61.
Ka8 Rb3 62. a7 Rh3 63. Rg8+ Kf2 64. Kb8 h1=Q 65. a8=Q Rb3+ 66. Kc7 Qc1+ 67. Kd6 Rd3+ 68. Qd5 Rxd5+ 69. Kxd5 Qd2+ 70. Ke6 Qa2+ 71. Ke7 Qxg8 0-1

[Event "*** Titled Tuesday Blitz"]
[Site "Chess.com"]
[Date "2021.03.02"]
[Round "7"]
[White "night_player"]
[Black "delphin11"]
[Result "0-1"]
[WhiteElo "2177"]
[BlackElo "2566"]
[TimeControl "180+1"]
[EndTime "11:20:21 PST"]
[Termination "delphin11 won by resignation"]

1. e4 e5 2. Nf3 d6 3. d4 exd4 4. Nxd4 Nf6 5. Nc3 Be7 6. Bc4 O-O 7. O-O Re8 8. h3 Bf8 9. Re1 c6 10. Bd3 Nbd7 11. Bg5 h6 12. Bh4 Ne5 13. Nf5 Bxf5 14.
exf5 d5 15. Qd2 Ned7 16. Rxe8 Qxe8 17. Re1 Qd8 18. Ne2 Qb6 19. c3 Re8 20. b3 Ne4 21. Bxe4 Rxe4 22. Bg3 Nf6 23. Kh2 Bc5 24. f3 Re8 25. Nf4 Rxe1 26. Qxe1 Bd6 27. Ne2 Qc7 28. Bxd6 Qxd6+ 29. Qg3 Qxg3+ 30. Kxg3 Kf8 31. Kf4 Ke7 32. Ke5 Nd7+ 33. Kd4 Kd6 34. f4 c5+ 35. Kd3 Nf6 36. g4 Ne4 37. Ke3 b5 38. h4 f6 39. c4 a6 40. a4 bxa4 41. bxa4 a5 42. h5 Kc6 43.
cxd5+ Kxd5 44. Nc1 c4 45. g5 hxg5 46. fxg5 Nxg5 47. Ne2 Ke5 48. Ng3 Nf7 49. Kd2 Nd6 50. Kc3 Ne4+ 51. Nxe4 Kxe4 52. Kxc4 Kxf5 53. Kb5 Ke5 54.
Kxa5 f5 55. Kb6 f4 56. a5 f3 57. a6 f2 58. a7 f1=Q 59. a8=Q Qb1+ 60. Kc5 Qc2+ 61.
Kb4 Qb2+ 62. Kc4 Qd4+ 63. Kb3 Qd5+ 64. Qxd5+ Kxd5 65. Kc3 Ke4 66. Kc4 Kf4 67. Kd4 Kg5 68.
Ke4 Kxh5 69. Kf3 Kg5 70. Kg3 g6 71. Kg2 Kg4 72. Kf2 Kh3 73. Kg1 g5 74. Kh1 g4 75.
Kg1 Kg3 76. Kh1 Kf2 77. Kh2 g3+ 78. Kh1 g2+ 0-1

[Event "*** Titled Tuesday Blitz"]
[Site "Chess.com"]
[Date "2021.03.02"]
[Round "7"]
[White "mbachez"]
[Black "ZiggyStardust64"]
[Result "1-0"]
[WhiteElo "2489"]
[BlackElo "2616"]
[TimeControl "180+1"]
[EndTime "11:20:23 PST"]
[Termination "mbachez won by checkmate"]

1. e4 e6 2. d4 d5 3. Nd2 Be7 4. e5 c5 5. Qg4 Kf8 6. Ngf3 h5 7. Qg3 h4 8. Qh3 Nc6 9. Bd3 Nh6 10. dxc5 g5 11. g4 Qc7 12. O-O Nxe5 13. Nxe5 Qxe5 14. Nf3 Qg7 15. Be3 e5 16. Rfe1 Nxg4 17. Qf1 Nxe3 18.
Rxe3 e4 19. Bxe4 dxe4 20. Rxe4 Bf5 21. Re3 Bf6 22. Rae1 Kg8 23. Qb5 g4 24. Nd2 Bd4 25. Qxb7 Kh7 26. Re7 Raf8 27. Qd5 Bg6 28. Ne4 Bf6 29.
Rxa7 Rd8 30. Qc6 Bxe4 31. Qxe4+ Kh6 32. Qf4+ Kh7 33. Qf5+ Qg6 34. Rxf7+ Bg7 35. Rxg7+ Kxg7 36. Re7+ Kh6 37. Re6 Qxe6 38. Qxe6+ Kg5 39. Qe5+ Kg6 40. h3 Rhe8 41. Qf4 gxh3 42. Qg4+ Kf6 43. Qxh4+ Ke5 44. Qxh3 Rd1+ 45. Kg2 Rd4 46. Qh5+ Kf4 47. Qxe8 Rd5 48. Qe3+ Kf5 49. Qf3+ Ke6 50. Qxd5+ Kxd5 51. f4 Kxc5 52. f5 Kd6 53. f6 Ke6 54. f7 Kxf7 55. Kf3 Ke6 56. Ke3 Kd6 57. Kd3 Kc5 58. Kc3 Kb6 59. b4 Kb5 60. Kb3 Kb6 61. c4 Kc6 62.
a4 Kb6 63. a5+ Kb7 64. Ka4 Kc7 65. b5 Kb7 66. a6+ Kc7 67. Kb4 Kb8 68. c5 Kc7 69. b6+ Kb8 70. Kb5 Kc8 71. c6 Kb8 72. a7+ Kc8 73. c7 Kd7 74. a8=Q Ke6 75. Qc6+ Ke5 76.
c8=Q Kd4 77. Q8d7+ Ke5 78. Qce6+ Kf4 79. Qdf7+ Kg3 80.
Qeg6+ Kh4 81. Qfh7# 1-0

[Event "*** Titled Tuesday Blitz"]
[Site "Chess.com"]
[Date "2021.03.02"]
[Round "7"]
[White "rasmussvane"]
[Black "baki83"]
[Result "1-0"]
[WhiteElo "2965"]
[BlackElo "2812"]
[TimeControl "180+1"]
[EndTime "11:20:28 PST"]
[Termination "rasmussvane won by resignation"]

1. Nf3 d5 2. g3 e6 3. Bg2 Nf6 4. O-O Be7 5. c4 O-O 6. b3 c5 7. cxd5 Nxd5 8. Nc3 Nc6 9. Nxd5 exd5 10. d4 cxd4 11.
Bb2 Bf6 12. Nxd4 Bg4 13. Nxc6 bxc6 14. Bxf6 Qxf6 15. Qd2 a5 16. Rac1 a4 17. b4 Rfe8 18.
e3 a3 19. Rc3 h5 20. Rfc1 Ra6 21. Qd3 Rb6 22. Rxa3 Rxb4 23. Qc3 Rc4 24. Qd2 Rxc1+ 25. Qxc1 Rb8 26. Rb3 Rxb3 27. axb3 Qd6 28. h3 Bd7 29. Qd2 Be6 30. b4 c5 31. bxc5 Qxc5 32. Kh2 g6 33. Bf3 Qc4 34. h4 Qc5 35. Kg2 Qc4 36. Qb2 Qc5 37.
Qe5 Qc4 38. Qg5 Kf8 39. Qf6 Qc6 40. Qh8+ Ke7 41. Qd4 Qc4 42. Qe5 Qc6 43. Kg1 Qd6 44.
Qd4 Qc6 45. Bd1 Qd6 46. Bb3 Qc6 47. Kg2 Qd6 48. Kh2 Qc6 49. Kg1 Qd6 50. Bd1 Qc6 51.
Bf3 Qd6 52. Kg2 Qc6 53. Qa7+ Qd7 54. Qb8 Qd6 55. Qh8 Qc6 56. Qh6 Qd6 57. Qg5+ Kf8 58. Qf6 Qd7 59. Be2 Qd6 60. Bd3 Ke8 61. Kg1 Qc6 62.
Kh2 Kd7 63. Qd4 Kd6 64. Bf1 Qc5 65. Qf4+ Ke7 66. Kg1 Qd6 67. Qg5+ Kf8 68. Qf6 Kg8 69. Bd3 Qd7 70. Bxg6 fxg6 71. Qxg6+ Kf8 72. Qxh5 Qf7 73.
Qxf7+ Kxf7 74. f3 Bd7 75. Kf2 Bb5 76. g4 Kf6 77. Kg3 Be2 78. f4 Bd1 79. h5 Be2 80.
Kh4 Bd1 81. f5 Be2 82. h6 Bd1 83. g5+ Kf7 84. g6+ Kf6 85. h7 Kg7 86. f6+ 1-0

[Event "*** Titled Tuesday Blitz"]
[Site "Chess.com"]
[Date "2021.03.02"]
[Round "7"]
[White "Sanyura"]
[Black "JulianProleiko"]
[Result "0-1"]
[WhiteElo "2580"]
[BlackElo "2433"]
[TimeControl "180+1"]
[EndTime "11:20:29 PST"]
[Termination "JulianProleiko won by checkmate"]

1. e3 d5 2. d4 Nf6 3. Nf3 g6 4.
Be2 Bg7 5. O-O O-O 6. c4 c5 7. cxd5 Nxd5 8. Nc3 Nxc3 9. bxc3 b6 10. a4 Nc6 11. Ba3 Na5 12. Nd2 Qc7 13. Bf3 Ba6 14.
Bxa8 Bxf1 15. Qxf1 Rxa8 16. Rc1 Qc6 17. Qb5 Rc8 18.
dxc5 Qxb5 19. axb5 bxc5 20. c4 f5 21. Kf1 Rd8 22.
Rc2 Rc8 23. Ke2 Be5 24. f4 Bd6 25. g3 Kf7 26. e4 e6 27. Ke3 Bf8 28. Ra2 Rc7 29.
Bb2 Nb7 30. Rxa7 Re7 31. Nf3 Nd6 32. Ne5+ Kg8 33. Rxe7 Bxe7 34. Nc6 Nxc4+ 35. Ke2 Bd6 36. e5 Bc7 37. Bc3 Kf7 38. Kd3 Na3 39. Na7 Bb8 40. Bb2 c4+ 41. Kc3 Nb1+ 42. Kc2 Bxa7 43.
Kxb1 Ke8 44. Bc3 Bg1 45. Kc2 Bxh2 46. Be1 Bg1 47. Kc3 Kd7 48. Kxc4 Kc7 49. Kd3 Kb6 50. Kc4 h6 51. Kb4 Be3 52. Kc4 g5 53. fxg5 hxg5 54. Kd3 Bg1 55. Kc4 Kb7 56. Kd3 Kb6 57. Kc4 g4 58. Bd2 Kb7 59. Bf4 Bf2 60. Kd3 Bb6 61.
Ke2 Bc5 62. Kd3 Kb6 63. Kc4 Bf2 64. Kb4 Kb7 65. Ka5 Be1+ 66. Ka4 Bc3 67. Kb3 Bd4 68. Kc4 Bb6 69. Kd3 Bg1 70. Bg5 Kb6 71. Kc4 Bf2 72. Bf4 Kc7 73. Kb4 Kb7 74. Ka5 Bc5 75. Ka4 Kb6 76. Be3 Bxe3 77. Kb3 Bf2 78. Kc4 Bxg3 79. Kd3 Bxe5 80. Ke2 Bd6 81. Kf1 Kxb5 82. Kg2 Kc5 83. Kf2 Kd5 84. Kf1 e5 85. Kg2 f4 86. Kf1 Ke4 87. Kg1 Kf3 88. Kh1 g3 89. Kg1 Bc5+ 90.
Kh1 g2+ 91. Kh2 g1=Q+ 92. Kh3 Qg3# 0-1

[Event "*** Titled Tuesday Blitz"]
[Site "Chess.com"]
[Date "2021.03.02"]
[Round "7"]
[White "SGchess01"]
[Black "francyIM"]
[Result "1-0"]
[WhiteElo "2855"]
[BlackElo "2700"]
[TimeControl "180+1"]
[EndTime "11:20:36 PST"]
[Termination "SGchess01 won by resignation"]

1. e4 e6 2. d4 d5 3. Nc3 Nf6 4. e5 Nfd7 5. Nce2 c5 6. c3 Nc6 7.
Nf3 Be7 8. a3 c4 9. Nf4 Na5 10.
h4 Nb6 11. Be3 h6 12. Rh3 Bd7 13. Rg3 Ba4 14. Qe2 g6 15. Nxg6 fxg6 16. Rxg6 Kd7 17. g3 Rg8 18. Rxh6 Bf8 19. Rh7+ Rg7 20. Rxg7+ Bxg7 21. Bh3 Qg8 22. Ng5 Re8 23. f4 Nc6 24.
Kd2 Nd8 25. Rf1 Kc7 26. g4 Bd7 27. f5 Bh6 28. f6 Rf8 29. Nxe6+ Bxe6 30. Bxh6 Rf7 31.
Bf4 Na4 32. Kc1 Qh7 33. Qc2 Qxh4 34. Qg2 Rh7 35. Rh1 Kc6 36. Qc2 Nb6 37. Kb1 Rf7 38.
Qg6 Rf8 39. Qh6 Qxh6 40. Bxh6 Rg8 41. g5 Kd7 42. Bf1 Bf5+ 43. Kc1 Nf7 44. Kd2 Nxg5 45. Ke3 Nf7 46. Bf4 Ke6 47. Be2 Na4 48. Bf3 Nxb2 49. Rh5 Nd3 50. Bxd5+ Kxd5 51. Rxf5 Ke6 52. Rh5 Nxf4 53.
Kxf4 Rg2 54. Ke4 Rc2 55. d5+ Kd7 56. e6+ Ke8 57. exf7+ Kxf7 58. Kd4 Kxf6 59. Rh7 Rb2 60.
Kxc4 Ke5 61. Re7+ Kd6 62. Re6+ Kc7 63. a4 Rh2 64. Kb4 Rh4+ 65. c4 a6 66. a5 Rh1 67.
Kc5 Ra1 68. Re7+ Kc8 69. Kd6 Kb8 70. c5 Rxa5 71. Re8+ Ka7 72. c6 bxc6 73. dxc6 Ra1 74. c7 Rd1+ 75. Ke7 Re1+ 76. Kf7 Rf1+ 77. Kg6 Rg1+ 78. Kf5 Rf1+ 79. Kg4 Rc1 80. c8=Q Rxc8 81. Rxc8 Kb6 82. Kf3 a5 83. Ke3 1-0

[Event "*** Titled Tuesday Blitz"]
[Site "Chess.com"]
[Date "2021.03.02"]
[Round "7"]
[White "woodhy"]
[Black "CrazyMartian"]
[Result "1/2-1/2"]
[WhiteElo "2456"]
[BlackElo "2293"]
[TimeControl "180+1"]
[EndTime "11:20:39 PST"]
[Termination "Game drawn by repetition"]

1. e4 c5 2. Nf3 d6 3. d4 cxd4 4. Nxd4 Nf6 5. f3 e5 6. Bb5+ Nbd7 7. Nb3 Be7 8. Nc3 O-O 9. Be3 a6 10. Bc4 b5 11. Bd5 Nxd5 12. Nxd5 Bb7 13. O-O Nf6 14. Nb6 Rb8 15. a4 Bc6 16. a5 d5 17. exd5 Nxd5 18.
Nxd5 Qxd5 19. Qe2 Qe6 20. Bc5 Bd5 21. Bxe7 Qxe7 22. Qe3 Bxb3 23. Qxb3 Rbc8 24. Rf2 Rfd8 25. Re1 Rc4 26. Rfe2 Qc5+ 27. Kf1 Re8 28. c3 h6 29. Qd1 b4 30. cxb4 Rxb4 31. Qd7 Qb5 32. Qxb5 Rxb5 33. b4 Rxb4 34. Rxe5 Rxe5 35. Rxe5 Ra4 36.
h4 g6 37. h5 Kg7 38. hxg6 Kxg6 39.
Rc5 f6 40. Kf2 h5 41. Kg3 Ra3 42. Kh3 Ra4 43. g3 Ra3 44. f4 Ra1 45. Kh2 Ra2+ 46. Kg1 Ra1+ 47. Kg2 Ra2+ 48. Kh3 Ra1 49. Rd5 Ra2 50.
g4 hxg4+ 51. Kxg4 Rg2+ 52. Kf3 Ra2 53. Ke4 Ra4+ 54. Ke3 Ra3+ 55. Ke2 Ra4 56. Kf3 Ra3+ 57. Kg2 Ra2+ 58. Kg3 Ra1 59. Rc5 Ra2 60. Kh4 Rh2+ 61.
Kg4 Rg2+ 62. Kh3 Ra2 63. Rd5 Ra1 64. Kg2 Ra2+ 65. Kf3 Ra1 66. Ke2 Ra3 67. Kd2 Ra4 68.
Ke3 Ra3+ 69. Ke2 Ra4 70. Kf3 Ra1 71. Rc5 Ra2 72. Ke4 Ra4+ 73. Ke3 Ra3+ 74. Kd4 Ra4+ 75.
Ke3 Ra3+ 76. Ke2 Ra2+ 77. Kf3 Ra1 78. Kg2 Ra2+ 79. Kh3 Ra1 80. Kg4 Rg1+ 81. Kh4 Ra1 82. Rd5 Ra2 83. Kg4 Rg2+ 84. Kf3 Ra2 85. Ke4 Ra4+ 86.
Ke3 1/2-1/2

[Event "*** Titled Tuesday Blitz"]
[Site "Chess.com"]
[Date "2021.03.02"]
[Round "7"]
[White "olksuna"]
[Black "DenLaz"]
[Result "0-1"]
[WhiteElo "2683"]
[BlackElo "2840"]
[TimeControl "180+1"]
[EndTime "11:20:40 PST"]
[Termination "DenLaz won on time"]

1. e4 e5 2. Nf3 Nc6 3. Bb5 a6 4.
Ba4 Nf6 5. O-O Be7 6. Re1 b5 7. Bb3 d6 8. c3 O-O 9. h3 Bb7 10. a4 h6 11. d3 Na5 12. Ba2 c5 13. Nbd2 Re8 14. Nf1 Bf8 15. Ng3 Qc7 16. axb5 axb5 17. Nh2 d5 18. exd5 Nxd5 19. Ng4 Nf4 20. Ne4 Kh8 21.
Bxf4 exf4 22. Nh2 c4 23. Bb1 cxd3 24. Bxd3 Nc4 25. Rxa8 Bxa8 26. Bxc4 bxc4 27. Nd2 Rd8 28. Qe2 Qb7 29. Nhf3 Qxb2 30. Qxc4 Bd5 31. Qxf4 Qxc3 32. Qe3 Bb4 33. Qxc3 Bxc3 34. Rc1 Bf6 35. Nf1 g6 36. Ne3 Be6 37. Rd1 Rxd1+ 38. Nxd1 Kg7 39. Ne3 Bb2 40. g3 f5 41. Nc2 Kf6 42. Nfd4 Bd5 43. f4 Be4 44. Kf2 Ke7 45. Ke2 Kd6 46. Kd2 Kd5 47. Ne2 Ke6 48. Ncd4+ Kf6 49. Ke3 Bb7 50. Nf3 Ba3 51. Nfd4 Bc5 52. Kd3 Ba6+ 53. Kc3 h5 54. h4 Ke7 55. Nc1 Ba3 56. Nd3 Kf6 57. Ne5 Bd6 58.
Ndf3 Bb7 59. Kd4 Bc7 60. Ke3 Bb6+ 61. Ke2 Ba6+ 62. Kd2 Bf2 63. Nd7+ Kg7 64. Nc5 Bb5 65. Ne6+ Kf6 66. Neg5 Bxg3 67. Ke3 Bc6 68. Ne5 Bd5 69. Nd7+ Kg7 70. Ne5 Bxh4 71. Nef3 Bg3 72. Ne5 h4 73. Nh3 Kf6 74. Nf3 Be4 75. Nfg5 Bg2 76. Kd4 Bf1 77. Ke3 Bg2 78. Kd4 Bxf4 79. Nh7+ Kg7 80.
Nxf4 Kxh7 81. Nxg2 h3 0-1

[Event "*** Titled Tuesday Blitz"]
[Site "Chess.com"]
[Date "2021.03.02"]
[Round "7"]
[White "dbrankovic68"]
[Black "NaciSAN"]
[Result "1/2-1/2"]
[WhiteElo "2471"]
[BlackElo "2302"]
[TimeControl "180+1"]
[EndTime "11:20:45 PST"]
[Termination "Game drawn - insufficient material"]

1. e4 e5 2. Nf3 Nc6 3. c3 Nf6 4. d4 d6 5. Bd3 Be7 6. h3 Bd7 7.
O-O O-O 8. Re1 Re8 9. Nbd2 h6 10.
Nf1 Bf8 11. Ng3 g6 12. Be3 Bg7 13. dxe5 Nxe5 14. Nxe5 dxe5 15. Bc4 Be6 16. Qb3 Bxc4 17. Qxc4 c6 18. Rad1 Qc7 19. Rd2 Rad8 20. Red1 Rxd2 21. Rxd2 Nd7 22. Nf1 Nf8 23. Nh2 Ne6 24. Ng4 h5 25. Nh2 Rd8 26. Rxd8+ Nxd8 27. Bxa7 b6 28. Qa6 b5 29.
Bb6 Qb7 30. Qxb7 Nxb7 31. Kf1 Bh6 32. Ke2 Bc1 33. b3 Kf8 34. Nf3 f6 35. Be3 Ba3 36.
Kd3 Ke7 37. g4 hxg4 38. hxg4 Ke6 39. Nd2 f5 40. exf5+ gxf5 41. f3 e4+ 42. Ke2 exf3+ 43. Kxf3 fxg4+ 44. Kxg4 Bc1 45. Kf3 Bxd2 46. Bxd2 Kd5 47.
Ke3 c5 48. Kd3 c4+ 49. Kc2 cxb3+ 50. axb3 Nd6 51. Be3 Ne4 52. Kd3 Nd6 53. Bf4 Nf5 54. Bb8 Ne7 55. Kc2 Nc6 56. Bg3 Ne7 57. Kb2 Nf5 58.
Bf2 Nd6 59. Ka3 Ne4 60. Bd4 Kc6 61. Kb4 Nd2 62. Be5 Nf3 63. Bf6 Nd2 64. Ka3 Nf3 65.
Bg7 Nd2 66. Kb2 Nf3 67. Kc2 Kd5 68. Kd3 Ne1+ 69. Ke2 Ng2 70. Bh6 Nh4 71. Kd3 Nf5 72. Bf4 Ne7 73. Kc2 Nc6 74. Bg3 Ne7 75. Kb2 Nf5 76. Bf2 Kc6 77. Ka3 Nd6 78. Kb4 Ne4 79. Be3 Ng3 80. Ka5 Ne2 81. Bd2 Ng3 82. Kb4 Ne4 83.
Be3 Ng3 84. c4 bxc4 85. Kxc4 Nf5 86. Bc5 Kb7 87. b4 Ng3 88. b5 Ne4 89. Bb4 Nf6 90. Kc5 Ne8 91. Kd5 Nc7+ 92. Kc4 Nxb5 1/2-1/2

[Event "*** Titled Tuesday Blitz"]
[Site "Chess.com"]
[Date "2021.03.02"]
[Round "7"]
[White "DvaHrasta"]
[Black "rychessmaster1"]
[Result "1/2-1/2"]
[WhiteElo "2425"]
[BlackElo "2593"]
[TimeControl "180+1"]
[EndTime "11:20:47 PST"]
[Termination "Game drawn by stalemate"]

1. c4 e5 2. g3 Nf6 3. Bg2 d5 4. cxd5 Nxd5 5. Nf3 Nc6 6. O-O Nb6 7. b3 Be7 8. Bb2 f6 9. d4 exd4 10. Nxd4 Nxd4 11.
Qxd4 Qxd4 12. Bxd4 c6 13. a4 Be6 14. a5 Nd5 15. a6 b6 16. Nc3 Rd8 17. Nxd5 Bxd5 18.
Bxd5 Rxd5 19. Bxb6 Bc5 20. Bxc5 Rxc5 21. Rfd1 Ke7 22.
Ra4 Rb8 23. Re4+ Re5 24. Rxe5+ fxe5 25. Rd3 Rb6 26. Re3 Kd6 27. f4 exf4 28. gxf4 Rxa6 29. Re8 Ra3 30. Rg8 g6 31. Rg7 Rxb3 32. Rxh7 a5 33.
Rh6 a4 34. Rxg6+ Kc7 35. Kf2 a3 36. Rg7+ Kb6 37. Rg1 Kb5 38. e3 Rb2+ 39. Kg3 Re2 40. Kf3 Rxh2 41. f5 a2 42. e4 Kc5 43. Rd1 Rb2 44. Ra1 Kd4 45. f6 Rb3+ 46. Kf4 Rb2 47. Kf3 c5 48. f7 Rb8 49. Rxa2 c4 50. Ra7 c3 51. Rd7+ Kc4 52. Rc7+ Kd3 53. e5 Rb1 54.
e6 Rf1+ 55. Kg4 Rf6 56. e7 Rxf7 57. Rxc3+ Kxc3 58. e8=Q Rb7 59. Kf5 Kb4 60. Ke4 Ka5 61. Kd5 Rb5+ 62. Kc4 Rb4+ 63. Kc5 Rb6 64. Qa8+ Ra6 65.
Qe4 Rb6 66. Qe1+ Ka6 67. Qe7 Rb5+ 68. Kc4 Rb6 69. Qd8 Kb7 70. Qd7+ Kb8 71. Kc5 Rb7 72. Qd8+ Ka7 73. Kc6 Rf7 74. Qa5+ Kb8 75. Qb5+ Kc8 76. Qe5 Kd8 77. Qe6 Rc7+ 78. Kd6 Rc6+ 79. Kxc6 1/2-1/2

[Event "*** Titled Tuesday Blitz"]
[Site "Chess.com"]
[Date "2021.03.02"]
[Round "7"]
[White "LileKoridze"]
[Black "Nozdrachev_Leonid"]
[Result "1-0"]
[WhiteElo "2423"]
[BlackElo "2534"]
[TimeControl "180+1"]
[EndTime "11:20:47 PST"]
[Termination "LileKoridze won by resignation"]

1. d4 d6 2. Nf3 g6 3. c4 Nf6 4. Nc3 Bf5 5. e3 Bg7 6. Bd3 Bxd3 7. Qxd3 O-O 8. O-O Re8 9. e4 e5 10. h3 Nc6 11. Be3 exd4 12. Nxd4 Nxd4 13. Bxd4 c6 14. Rfe1 Qc7 15. Rad1 Rad8 16. Be3 a6 17. Bf4 Qb6 18. b3 Nh5 19. Bxd6 Rxd6 20. Qxd6 Bxc3 21. Re3 Be5 22. Qd7 Nf6 23. Qd3 Qa5 24. Re2 Bc7 25. Rde1 Qe5 26. g3 h5 27. h4 Rd8 28. Qc2 Bb6 29. Kg2 Ng4 30. f3 Nf6 31. f4 Qc5 32. e5 Ng4 33. e6 Qe7 34. exf7+ Qxf7 35. Re6 Kf8 36. Qb2 Rd4 37.
Qe2 Rd8 38. Qb2 Bd4 39. Qe2 Bc3 40. Rc1 Rd2 41. Rxc3 Rxe2+ 42. Rxe2 Qf6 43. Rf3 c5 44. Rd2 Qc6 45. Rd3 Kf7 46. Kg1 Nf6 47. Kg2 Ne4 48.
Kg1 a5 49. Rfe3 Nf6 50. Rf3 Ng4 51. Kg2 Qe6 52. Rd2 Qe1 53. Rd7+ Kf6 54. Rdd3 Kf5 55. Rd5+ Kf6 56. Rd6+ Kg7 57. Rd7+ Kh6 58. Rdd3 Qe2+ 59. Kg1 Nh2 60. Rde3 Qc2 61. Rf2 Qc1+ 62. Kg2 Qxe3 63. f5 Qxf2+ 64. Kxf2 Ng4+ 65. Kf3 Kg7 66. Ke4 Kf6 67.
fxg6 Kxg6 68. Kd5 Kf5 69. Kxc5 Ke4 70. Kb6 Kf3 71. Kxb7 Kxg3 72. c5 Kxh4 73. c6 Ne5 74. c7 Nf7 75. Kc6 Ne5+ 76. Kd6 Nf7+ 77. Ke7 Ne5 78.
c8=Q Ng4 79. Qc1 Kg3 80. Qc3+ Kh4 81. Qxa5 Kg3 82. Qe1+ Kh3 83. b4 h4 84. b5 Nh2 85.
b6 Nf3 86. Qh1+ Kg3 87. b7 h3 88. b8=Q+ 1-0

[Event "*** Titled Tuesday Blitz"]
[Site "Chess.com"]
[Date "2021.03.02"]
[Round "7"]
[White "MarcLonoff"]
[Black "ARTHURMOTIVATOR"]
[Result "1-0"]
[WhiteElo "2140"]
[BlackElo "2330"]
[TimeControl "180+1"]
[EndTime "11:20:53 PST"]
[Termination "MarcLonoff won by resignation"]

1. c4 e5 2. Nc3 Nc6 3. g3 g6 4. Bg2 Bg7 5. e4 d6 6. Nge2 h5 7. h3 Nge7 8. d3 Be6 9. Nd5 Qd7 10. Bg5 Bxd5 11. cxd5 Nd8 12. Qb3 f6 13. Be3 b6 14. h4 O-O 15. Bh3 f5 16. O-O Nb7 17.
d4 Qe8 18. dxe5 Bxe5 19. f4 Bg7 20. e5 Nc5 21. Qc4 Qa4 22. Qxa4 Nxa4 23. Bg2 Nxb2 24. Rfc1 Rac8 25. Rc2 Nd3 26. Rd1 Nc5 27. e6 Rfe8 28.
Nd4 Bxd4 29. Bxd4 c6 30. Bf6 Nxd5 31. Bxd5 cxd5 32. e7 Kf7 33. Bg5 Ne6 34. Rxc8 Rxc8 35. Rxd5 Nxg5 36. hxg5 Kxe7 37. Rd2 Rc3 38. Kf2 Kd7 39. Kg2 Kc6 40. Re2 Kd5 41. Kf2 Rd3 42. Kg2 b5 43. Rb2 a6 44. Kf2 Kc5 45. Re2 b4 46.
Re6 Rd2+ 47. Kf3 Rxa2 48. Rxg6 b3 49. Rg8 Ra4 50. Rc8+ Kd4 51. Rb8 Kc3 52. g6 Rb4 53. Rxb4 Kxb4 54. g7 b2 55. g8=Q Kc3 56. Qg7+ Kc2 57.
Qc7+ Kb3 58. Qb6+ Kc2 59. Qc6+ Kb3 60. Qd5+ Kc2 61. Qc4+ Kb1 62. Qxa6 Kc1 63. Qc6+ Kb1 64. Qxd6 Ka2 65. Qa6+ Kb3 66. Qb5+ Kc2 67. Qxf5+ Kc1 68.
Qc5+ Kd2 69. Qb4+ Kc2 70. Qc4+ Kd2 71. Qb3 Kc1 72. g4 hxg4+ 73. Kxg4 b1=Q 74. Qxb1+ Kxb1 75. f5 Kc2 76. f6 Kd3 77. f7 Ke4 78. f8=Q Kd5 79.
Qe7 Kd4 80. Qe6 Kd3 81. Qe5 Kc4 82. Qd6 Kc3 83. Qd5 Kc2 84. Qd4 Kb3 85. Qc5 Kb2 86.
Qc4 Ka3 87. Qb5 Ka2 88. Kf3 1-0

[Event "*** Titled Tuesday Blitz"]
[Site "Chess.com"]
[Date "2021.03.02"]
[Round "7"]
[White "DamianoLew95"]
[Black "Grimlock_Glasgow"]
[Result "0-1"]
[WhiteElo "2581"]
[BlackElo "2482"]
[TimeControl "180+1"]
[EndTime "11:21:51 PST"]
[Termination "Grimlock_Glasgow won on time"]

1. d4 e6 2. e4 d5 3. exd5 exd5 4. Nf3 Nf6 5. c4 Bb4+ 6. Nc3 O-O 7. Be3 Ng4 8. Qb3 Nxe3 9. fxe3 c5 10. dxc5 Bxc5 11. Nxd5 Be6 12. e4 Bxd5 13. cxd5 Qa5+ 14. Kd1 Nd7 15.
Qb5 Qd8 16. Rc1 Rc8 17. Bd3 Bd6 18. Rxc8 Qxc8 19. Ke2 a6 20. Qc4 Qe8 21. Re1 Ne5 22. Qb3 Nxf3 23. gxf3 Qe5 24. Kd1 Qxh2 25. Qc2 Qg3 26. e5 Bxe5 27. Bxh7+ Kh8 28. Be4 g6 29. Rh1+ Kg7 30. Qe2 Rc8 31. Bc2 Qf4 32. Qe4 f5 33. Qxf4 Bxf4 34. Re1 Rc5 35. Re7+ Kf6 36. Rd7 g5 37. Bb3 b5 38. Ke2 a5 39. Ra7 a4 40.
Ra6+ Kg7 41. Bd1 Rxd5 42. Ra7+ Kh6 43. Rb7 Rd2+ 44. Ke1 Rxb2 45. Bxa4 Bg3+ 46. Kd1 Rb1+ 47. Kc2 Rf1 48. Bb3 Rxf3 49. Rxb5 g4 50. a4 Rf2+ 51. Kd3 Bh4 52. a5 Bg5 53. a6 Rd2+ 54. Kc4 Rd8 55. Rb6+ Kh5 56. Kb5 Be3 57. Re6 Rb8+ 58.
Kc4 Rc8+ 59. Kd3 f4 60. Bd5 Rc7 61. Bb7 Rd7+ 62. Ke2 Ba7 63. Re5+ Kh4 64. Rf5 f3+ 65.
Bxf3 gxf3+ 66. Rxf3 Rd6 67. Ra3 Kg4 68. Ra5 Kf4 69. Ra4+ Ke5 70. Ra5+ Kd4 71. Ra2 Kc4 72. Kf3 Kb5 73. Ra1 Rd7 74. Ra2 Bb6 75. Ke4 Ba5 76. Rg2 Kxa6 77. Rg5 Re7+ 78. Kd5 Rd7+ 79. Kc6 Rd2 80. Rg6 Bb6 81. Rg8 Rc2+ 82. Kd5 Kb5 83. Rg4 Rd2+ 84. Ke4 Bc5 85. Kf5 Rd8 86. Kg6 Rg8+ 87.
Kf5 Rf8+ 88. Kg6 Kc6 89. Rg5 Bd6 90. Rg4 Kd7 91. Rg5 Ke6 92. Rg4 Be5 93. Rg5 Rg8+ 94.
Kh5 Rh8+ 95. Kg6 Rh3 96. Rg4 Bf6 97. Rg2 Rf3 98. Rg4 Be5 99. Rg2 Rf6+ 100. Kg5 Rf8 101. Rg4 Bf6+ 102. Kg6 Rh8 103. Re4+ Be5 104. Rg4 Rf8 105. Kh5 Kf5 106. Rg5+ Kf4 107. Rg6 Bf6 108. Rh6 Kf5 109. Rh7 Rg8 110. Kh6 Rg2 0-1